 Dungeon Crawl Stone Soup version 0.23-a0-607-g760965b (console) character file.

96520 Duffy the Severer (level 16, -10/146 HPs)
             Began as a Naga Gladiator on Dec 20, 2018.
             Was the Champion of the Shining One.
             Mangled by a hellephant (14 damage)
             ... on level 3 of the Abyss.
             The game lasted 00:37:37 (29423 turns).

Duffy the Severer (Naga Gladiator)                 Turns: 29423, Time: 00:37:37

Health: -10/146    AC: 24    Str: 22    XL:     16   Next: 17%
Magic:  0/25       EV: 12    Int: 16    God:    the Shining One [******]
Gold:   1009       SH:  3    Dex: 20    Spells: 15/15 levels left

rFire    + + +     SeeInvis +   a - +9 battleaxe {flame, rC+ rN+ Int+4}
rCold    + + .     Gourm    .   (shield currently unavailable)
rNeg     + + +     Faith    .   M - +7 chain mail "Higam" {*Contam rF+ Int+3}
rPois    +         Spirit   +   c - +0 helmet
rElec    .         Reflect  +   F - scarf {Spirit}
rCorr    .         Harm     .   A - +2 pair of gloves
MR       ++...                  (no barding)
Stlth    ..........             H - +3 amulet of reflection
HPRegen  0.34/turn              I - ring of Satyriasis {*Contam rF+ rC+ rN+ Dex+6}
MPRegen  0.19/turn              N - ring of protection from fire

@: about to teleport, glowing, very slow
A: large, see invisible, deformed body, poison resistance, slowness 2, slow
metabolism 1, spit poison 1, constrict 1, AC +5
a: Spit Poison, Divine Shield, Cleansing Flame, Summon Divine Warrior, Brand
Weapon With Holy Wrath, Renounce Religion


You were on level 3 of the Abyss.
You worshipped the Shining One.
The Shining One was exalted by your worship.
You were not hungry.

You visited 4 branches of the dungeon, and saw 24 of its levels.
You visited the Abyss 1 time.

You collected 2564 gold pieces.
You spent 1555 gold pieces at shops.

Inventory:

Hand Weapons
 a - the +9 battleaxe of Cowardice (weapon) {flame, rC+ rN+ Int+4}
   (You bought it in a shop on level 2 of the Orcish Mines)

   It has been specially enchanted to burn those struck by it, causing extra
   injury to most foes and up to half again as much damage against particularly
   susceptible opponents.
   Big, fiery blades are also staple armaments of hydra-hunters.
   It affects your intelligence (+4).
   It protects you from cold.
   It protects you from negative energy.
 b - a +7 dire flail of protection
Missiles
 d - 5 throwing nets (quivered)
Armour
 c - a +0 helmet (worn)
 A - a +2 pair of gloves (worn)
 F - a scarf of spirit shield (worn)
 M - the +7 chain mail "Higam" (worn) {*Contam rF+ Int+3}
   (You found it on level 7 of the Dungeon)

   It affects your intelligence (+3).
   It protects you from fire.
   It causes magical contamination when unequipped.
 O - a +1 cloak
Jewellery
 l - an uncursed amulet of rage
 o - an uncursed ring of ice
 z - an uncursed ring of flight
 E - an uncursed ring of resist corrosion
 H - a +3 amulet of reflection (around neck)
 I - the ring of Satyriasis (left hand) {*Contam rF+ rC+ rN+ Dex+6}
   (You found it on level 13 of the Dungeon)

   [ring of dexterity]

   It affects your dexterity (+6).
   It protects you from fire.
   It protects you from cold.
   It protects you from negative energy.
   It causes magical contamination when unequipped.
 N - a ring of protection from fire (right hand)
 Q - an uncursed ring of wizardry
Wands
 i - a wand of iceblast (19)
 k - a wand of digging (3)
 y - a wand of flame (2)
 J - a wand of enslavement (25)
 L - a wand of acid (19)
Scrolls
 e - 3 scrolls of enchant armour
 h - 3 scrolls of immolation
 j - 13 scrolls of remove curse
 m - 4 scrolls of teleportation
 n - 3 scrolls of fog
 u - a scroll of vulnerability {unknown}
 v - 2 scrolls of summoning
 w - a scroll of blinking {unknown}
 x - 5 scrolls of enchant weapon
 C - 5 scrolls of fear
 S - a scroll of silence
Potions
 g - 5 potions of mutation
 p - 2 potions of magic
 q - 2 potions of berserk rage
 r - 2 potions of haste
 s - 5 potions of heal wounds
 t - 2 potions of cancellation
 B - 3 potions of curing
 D - 4 potions of flight
 G - 4 potions of agility
 R - 2 potions of resistance
 U - a potion of might
Comestibles
 f - 29 rations


   Skills:
 - Level 10.0 Fighting
 + Level 15.3 Axes
 - Level 1.7 Throwing
 - Level 10.0 Armour
 - Level 10.0 Dodging
 + Level 12.4 Invocations
 - Level 10.0 Evocations


You had 15 spell levels left.
You didn't know any spells.
Your spell library contained the following spells:

 Spells                   Type           Power        Failure   Level  Hunger
 Animate Skeleton         Necr           N/A          83%         1    ##.....
 Apportation              Tloc           #.....       83%         1    ##.....
 Confusing Touch          Hex            #.....       83%         1    ##.....
 Magic Dart               Conj           #...         83%         1    ##.....
 Pain                     Necr           #...         83%         1    ##.....
 Sting                    Conj/Pois      #...         83%         1    ##.....
 Summon Small Mammal      Summ           #...         83%         1    ##.....
 Blink                    Tloc           N/A          93%         2    ###....
 Call Imp                 Summ           #.......     93%         2    ###....
 Corpse Rot               Necr           N/A          93%         2    ###....
 Poisonous Vapours        Pois/Air       #.....       93%         2    ###....
 Searing Ray              Conj           #.....       93%         2    ###....
 Slow                     Hex            #.......     93%         2    ###....
 Conjure Flame            Conj/Fire      #.......     99%         3    ####...
 Dazzling Spray           Conj/Hex       #.....       99%         3    ####...
 Mephitic Cloud           Conj/Pois/Air  #.......     99%         3    ####...
 Regeneration             Chrm/Necr      #.........   99%         3    ####...
 Stone Arrow              Conj/Erth      #.....       99%         3    ####...
 Vampiric Draining        Necr           #.........   99%         3    ####...
 Animate Dead             Necr           N/A          100%        4    #####..
 Cause Fear               Hex            #.........   100%        4    #####..
 Force Lance              Conj/Tloc      #.......     100%        4    #####..
 Fulminant Prism          Conj/Hex       #.........   100%        4    #####..
 Iskenderun's Mystic Bla  Conj           #.......     100%        4    #####..
 Leda's Liquefaction      Hex/Erth       #.........   100%        4    #####..
 Olgreb's Toxic Radiance  Pois           #.......     100%        4    #####..
 Bolt of Magma            Conj/Fire/Erth #.........   100%        5    ######.
 Iskenderun's Battlesphe  Conj/Chrm      #.......     100%        5    ######.
 Silence                  Hex/Air        #.........   100%        5    ######.
 Summon Forest            Summ/Tloc      #.........   100%        5    ######.
 Venom Bolt               Conj/Pois      #.........   100%        5    ######.
 Yara's Violent Unravell  Hex/Tmut       #.........   100%        5    ######.
 Bolt of Fire             Conj/Fire      #.........   100%        6    #######
 Deflect Missiles         Chrm/Air       #.........   100%        6    #######
 Freezing Cloud           Conj/Ice/Air   #.........   100%        6    #######
 Hydra Form               Tmut           #.........   100%        6    #######
 Iron Shot                Conj/Erth      #.........   100%        6    #######
 Orb of Destruction       Conj           #.........   100%        7    #######
 Ring of Flames           Chrm/Fire      #.........   100%        7    #######
 Spellforged Servitor     Conj/Summ      #.........   100%        7    #######
 Summon Hydra             Summ           #.........   100%        7    #######
 Discord                  Hex            #.........   100%        8    #######
 Dragon's Call            Summ           #.........   100%        9    #######


Dungeon Overview and Level Annotations

Branches:
Dungeon (15/15)            Temple (1/1) D:6            Lair (6/6) D:11
  Swamp (0/4) Lair:4       Spider (0/4) Lair:2        Slime (0/5) Lair:5
    Orc (2/2) D:10            Elf (0/3) Orc:2        Vaults (0/5) D:13
 Depths: D:15

Altars:
Ashenzari
Cheibriados
Dithmenos
Elyvilon
Fedhas
Gozag
Hepliaklqana
Kikubaaqudgha
Makhleb
Nemelex Xobeh
Okawaru
Qazlal
Ru
Sif Muna
Trog
Uskayaw
Vehumet
Wu Jian
Xom
Yredelemnul
Zin
The Shining One

Shops:
D:4 :   D:13 (   Orc:1 (   Orc:2 *(}(

Annotations:
D:11 2 runed doors, exclusion: orange crystal statue
D:14 3 runed doors, Lavandula's ghost, journeyman HaEn
D:15 Louise


Innate Abilities, Weirdness & Mutations

You cannot wear boots.
Your serpentine skin is tough. (AC +5)
You have supernaturally acute eyesight. (SInv)
Armour fits poorly on your strangely shaped body.
Your system is resistant to poisons. (rPois)
You cover ground very slowly.
You have a slow metabolism.
You can spit poison.
You can use your snake-like lower body to constrict enemies.


Message History

You barely miss the hellephant.
The hellephant is heavily wounded.
The hellephant tramples you but does no damage.
The hellephant bites you but does no damage.
The hellephant barely misses you.
The hellephant blinks!
You slice the hellephant!! You burn the hellephant.
The hellephant is heavily wounded.
The hellephant completely misses you. The hellephant bites you.
The hellephant gores you but does no damage.
You hit the hellephant but do no damage.
The hellephant is heavily wounded.
You hit the hellephant. You burn the hellephant. The hellephant tramples you!!
You hold your ground!
The hellephant bites you.
The hellephant gores you but does no damage.
The hellephant tramples you!
You hold your ground!
The hellephant closely misses you. The hellephant barely misses you.
You slice the hellephant!! You burn the hellephant.
The hellephant is almost dead.
You hit the hellephant. You burn the hellephant. The hellephant tramples you!
You die...

#....### .# ..#
..# .#.# .. ...#
#####.. .#.###..
#.. #..#.....
.....##.. # .
.##.#.##.# .
##.0##...#....#..#
# . ..#..#..#..#.
# #
##...##.Y.#.#..#
##..#.
.#.....@#...... .
# ##.##...Y......#
. .
#.##.##.........#
#.. #.# #
#.0.#....#..# #.
...#. #.#.#....#
## .# ## .#
..##.##..... . .#
...## .## .##..# #
# . #. ....... ##
.. . . .


You could see 2 hellephants.

Vanquished Creatures
  A tentacled starspawn (Abyss:3)
  Kirke (D:14)
  2 stone giants (Orc:1)
  3 very ugly things (D:14)
  Azrael (D:14)
  An ettin (Orc:2)
  Snorg (Lair:3)
  Josephine (D:14)
  2 fire dragons
  A vault guard (D:13)
  Fannar (Lair:2)
  Harold (D:7)
  8 hydras
  11 two-headed ogres
  Erica (Lair:2)
  2 centaur warriors (D:14)
  2 ogre magi (Orc:2)
  6 death yaks (Lair:5)
  An orc high priest (Orc:1)
  Urug (D:13)
  2 thrashing horrors (Abyss:3)
  2 deep trolls (Orc:2)
  3 unseen horrors (D:13)
  A glowing orange brain (D:14)
  A swamp dragon (Lair:6)
  Pikel (D:9)
  A deep elf mage (D:14)
  3 oklob plants
  2 orc sorcerers
  3 cyclopes (Orc:2)
  A manticore (D:12)
  A large abomination (Abyss:3)
  7 ugly things
  6 elephants (Lair:5)
  6 black mambas
  A stone giant skeleton (Abyss:3)
  A smoke demon (Abyss:3)
  A kobold demonologist (D:11)
  14 spiny frogs
  9 komodo dragons
  2 freezing wraiths (D:14)
  6 rime drakes
  3 meliai (D:13)
  12 trolls
  A merfolk (D:11)
  3 jumping spiders (Lair:2)
  17 blink frogs
  Prince Ribbit (D:6)
  4 hornets
  12 hippogriffs
  5 redbacks (Lair:2)
  3 shadows
  2 tarantellas (shapeshifter)
  2 hogs (D:14)
  24 yaks
  3 wraiths (D:14)
  4 basilisks
  2 fire elementals (D:14)
  2 steam dragons (Lair:6)
  6 hungry ghosts
  3 vampire mosquitoes (D:13)
  A swamp worm (Lair:4)
  Edmund (D:5)
  A warg (Orc:2)
  A soldier ant (D:14)
  3 acid dragons
  4 hell hounds (D:14)
  14 water moccasins
  13 porcupines
  2 swamp drakes (Lair:6)
  A slave (D:9)
  4 ice beasts
  A small abomination (Abyss:3)
  4 sky beasts
  4 black bears
  3 phantoms
  22 orc warriors
  An eye of draining (D:7)
  30 ogres
  A necrophage (D:7)
  12 centaurs
  3 big kobolds
  13 crocodiles
  18 bullfrogs
  A wyvern skeleton (D:14)
  7 scorpions
  9 electric eels
  10 jellies
  5 wights (D:14)
  3 howler monkeys
  5 crimson imps
  2 quasits
  A bullfrog zombie (D:7)
  2 hounds
  15 orc priests
  2 bullfrog skeletons
  3 centaur skeletons
  A gnoll shaman (D:7)
  28 orc wizards
  5 iguanas
  Jessica (D:2)
  4 hell rats (Lair:5)
  13 worker ants
  3 hound zombies
  A howler monkey skeleton (D:4)
  2 worker ant zombies
  8 gnolls
  A howler monkey zombie (D:6)
  13 adders
  3 shadow imps
  2 oozes (Lair:5)
  2 adder skeletons
  6 worms
  A dart slug (D:1)
  5 leopard geckos
  87 orcs
  3 ball pythons
  6 giant cockroaches
  7 goblins
  5 hobgoblins (D:1)
  12 jackals
  6 quokkas
  7 bats
  5 frilled lizards
  22 kobolds
  2 quokka skeletons
  11 rats
  A starspawn tentacle (Abyss:3)
726 creatures vanquished.

Vanquished Creatures (collateral kills)
  A centaur (D:7)
  A big kobold (D:7)
  A bullfrog (D:7)
  An orc priest (D:7)
  An orc (D:7)
5 creatures vanquished.

Vanquished Creatures (others)
  3 humans (D:14)
  7 bushes
  A fire vortex (Lair:6)
  21 fungi
  A lurking horror (Abyss:3)
  9 plants
  2 starspawn tentacles (Abyss:3)
44 creatures vanquished.

Grand Total: 775 creatures vanquished

Notes
Turn   | Place    | Note
-------+----------+-------------------------------------------
     0 | D:1      | Duffy the Naga Gladiator began the quest for the Orb.
     0 | D:1      | Reached XP level 1. HP: 19/19 MP: 1/1
   128 | D:1      | Reached XP level 2. HP: 20/26 MP: 2/2
   227 | D:1      | Reached skill level 4 in Axes
   369 | D:1      | Reached XP level 3. HP: 32/32 MP: 3/3
  1469 | D:2      | Noticed Jessica
  1475 | D:2      | Killed Jessica
  1475 | D:2      | Reached skill level 1 in Evocations
  1475 | D:2      | Reached XP level 4. HP: 35/39 MP: 3/5
  2069 | D:2      | Found a deep blue altar of Sif Muna.
  2175 | D:3      | Reached skill level 5 in Axes
  2175 | D:3      | Reached XP level 5. HP: 45/45 MP: 6/6
  2422 | D:3      | Noticed a water moccasin
  2432 | D:3      | Killed a water moccasin
  2432 | D:3      | Reached XP level 6. HP: 41/52 MP: 8/8
  2565 | D:3      | Found a stormy altar of Qazlal.
  3119 | D:3      | Noticed a moth of wrath
  3122 | D:3      | Found a bloodstained altar of Trog.
  3678 | D:4      | Reached skill level 6 in Axes
  3678 | D:4      | Reached XP level 7. HP: 59/60 MP: 10/10
  3899 | D:4      | Found a radiant altar of Vehumet.
  4129 | D:4      | Found a blossoming altar of Fedhas.
  4194 | D:4      | Found Jogy's Book Emporium.
  4451 | D:4      | Reached skill level 5 in Evocations
  4640 | D:4      | Reached skill level 1 in Armour
  4907 | D:4      | Reached skill level 7 in Axes
  4913 | D:4      | Found a hide-covered altar of Uskayaw.
  5150 | D:5      | Entered Level 5 of the Dungeon
  5161 | D:4      | Reached XP level 8. HP: 61/67 MP: 11/11
  5920 | D:5      | Noticed Edmund
  5930 | D:5      | Killed Edmund
  5973 | D:5      | Found an ornate altar of the Wu Jian Council.
  5979 | D:5      | Reached skill level 8 in Axes
  6349 | D:6      | Reached XP level 9. HP: 76/76 MP: 12/12
  6369 | D:6      | Found a staircase to the Ecumenical Temple.
  6375 | Temple   | Entered the Ecumenical Temple
  6614 | Temple   | Became a worshipper of the Shining One
  7454 | D:6      | Noticed Prince Ribbit
  7460 | D:6      | Killed Prince Ribbit
  8018 | D:7      | Reached skill level 9 in Axes
  8046 | D:7      | Reached * piety under the Shining One
  8090 | D:7      | Noticed a hornet
  8095 | D:7      | Killed a hornet
  8095 | D:7      | Reached skill level 5 in Armour
  8246 | D:8      | Reached skill level 5 in Fighting
  8557 | D:7      | Noticed Harold
  8570 | D:7      | Killed Harold
  8570 | D:7      | Reached XP level 10. HP: 91/91 MP: 13/13
  8602 | D:7      | Reached skill level 10 in Axes
  8970 | D:7      | Noticed a cyan ugly thing
  9004 | D:7      | Killed a cyan ugly thing
  9040 | D:7      | Got an ichor-stained chain mail
  9067 | D:7      | Identified the +7 chain mail "Higam" {*Contam rF+ Int+3}
                  | (You found it on level 7 of the Dungeon)
  9718 | D:8      | Reached ** piety under the Shining One
 10217 | D:9      | Noticed Pikel
 10238 | D:9      | Killed Pikel
 10441 | D:10     | Entered Level 10 of the Dungeon
 10989 | D:11     | Reached XP level 11. HP: 103/103 MP: 15/15
 11083 | D:11     | Noticed a two-headed ogre
 11094 | D:11     | Killed a two-headed ogre
 11347 | D:11     | Found a staircase to the Lair.
 11510 | D:11     | Reached *** piety under the Shining One
 11715 | D:11     | Found a runed door.
 11717 | D:11     | Noticed an orange crystal statue
 11718 | D:11     | Found the +10 large shield of Ignorance {rN+ Int-4}
 11748 | D:11     | Found a runed door.
 12083 | D:12     | Noticed a manticore
 12111 | D:12     | Killed a manticore
 12111 | D:12     | Reached skill level 5 in Dodging
 12468 | D:12     | Paralysed by a hornet for 1 turns
 13083 | Lair:1   | Entered Level 1 of the Lair of Beasts
 13533 | Lair:1   | Reached XP level 12. HP: 92/115 MP: 17/17
 13921 | Lair:1   | Noticed a fire dragon
 14012 | Lair:1   | Killed a fire dragon
 14384 | Lair:2   | Noticed Erica
 14390 | Lair:2   | Killed Erica
 14519 | Lair:2   | Reached skill level 10 in Fighting
 14554 | Lair:2   | Noticed Fannar
 15307 | Lair:2   | Reached skill level 10 in Armour
 15505 | Lair:2   | Found a hole to the Spider Nest.
 15672 | Lair:2   | Reached skill level 10 in Evocations
 15684 | Lair:2   | Gained mutation: You can use your snake-like lower body to
                  | constrict enemies. [Naga growth]
 15684 | Lair:2   | Reached XP level 13. HP: 87/123 MP: 17/20
 15694 | Lair:2   | Killed Fannar
 17166 | Lair:4   | Noticed Snorg
 17193 | Lair:3   | Killed Snorg
 17323 | Lair:4   | Reached skill level 11 in Axes
 17708 | Lair:4   | Reached skill level 1 in Invocations
 18339 | Lair:4   | Found a staircase to the Swamp.
 18558 | Lair:5   | Found a staircase to the Slime Pits.
 19329 | Lair:5   | Reached skill level 12 in Axes
 19329 | Lair:5   | Reached skill level 5 in Invocations
 19536 | Lair:5   | Reached XP level 14. HP: 119/132 MP: 18/21
 19816 | Lair:5   | Found a stormy altar of Qazlal.
 20047 | Lair:5   | Reached **** piety under the Shining One
 20410 | Lair:6   | Entered Level 6 of the Lair of Beasts
 20421 | Lair:6   | Identified Asmodeus's Collected Works on Supportive
                  | Conjuration
 21691 | Lair:6   | Identified a scroll of acquirement
 22108 | Lair:6   | Got a warped crystal plate armour
 23021 | D:10     | Found a staircase to the Orcish Mines.
 23333 | Orc:1    | Entered Level 1 of the Orcish Mines
 23384 | Orc:1    | Noticed a stone giant
 23393 | Orc:1    | Noticed a stone giant
 23411 | Orc:1    | Killed a stone giant
 23411 | Orc:1    | Reached skill level 13 in Axes
 23420 | Orc:1    | Killed a stone giant
 23858 | Orc:1    | Found Qekusurch's Weapon Shoppe.
 23898 | Orc:2    | Entered Level 2 of the Orcish Mines
 23939 | Orc:2    | Found a staircase to the Elven Halls.
 23968 | Orc:1    | Reached ***** piety under the Shining One
 24433 | Orc:1    | Paralysed by an orc sorcerer for 3 turns
 24800 | Orc:2    | Reached XP level 15. HP: 49/138 MP: 10/22
 25590 | Orc:2    | Found Ovif's Gadget Shop.
 25591 | Orc:2    | Found Siamiyd's Assorted Antiques.
 25593 | Orc:2    | Found Inainowo's Antique Weapon Emporium.
 25596 | Orc:2    | Found Elofya's Weapon Shoppe.
 25603 | Orc:2    | Reached skill level 10 in Dodging
 25960 | Orc:2    | Bought a scroll labeled MIBIOR DIFIFEI for 28 gold pieces
 25960 | Orc:2    | Bought a lumpy grey potion for 25 gold pieces
 25960 | Orc:2    | Bought a scroll of identify for 56 gold pieces
 25960 | Orc:2    | Identified the +0 crystal plate armour of the Turtledove
                  | {rPois Str-2 Int+4 Dex+4} (You acquired it on level 6 of
                  | the Lair of Beasts)
 26491 | Orc:2    | Bought the +9 battleaxe of Cowardice {flame, rC+ rN+ Int+4}
                  | for 1166 gold pieces
 26500 | Orc:2    | Bought 2 potions of heal wounds for 280 gold pieces
 26654 | D:13     | Found a hazy altar of Hepliaklqana.
 26744 | D:13     | Found Ejut Eru Peh's Weapon Boutique.
 26776 | D:13     | Noticed Urug
 26781 | D:13     | Killed Urug
 26781 | D:13     | Reached skill level 10 in Invocations
 26804 | D:13     | Reached skill level 14 in Axes
 27348 | D:13     | Found a gate to the Vaults.
 27361 | D:13     | Got a shimmering lead ring
 27362 | D:13     | Identified the ring of Satyriasis {*Contam rF+ rC+ rN+
                  | Dex+6} (You found it on level 13 of the Dungeon)
 28008 | D:14     | Found a glowing golden altar of the Shining One.
 28136 | D:14     | Noticed Josephine
 28142 | D:14     | Killed Josephine
 28194 | D:14     | Noticed Azrael
 28194 | D:14     | Reached ****** piety under the Shining One
 28210 | D:14     | Killed Azrael
 28602 | D:14     | Noticed Kirke
 28613 | D:14     | Killed Kirke
 28634 | D:14     | Found a runed gate.
 28635 | D:14     | Found a runed gate.
 28635 | D:14     | Found a runed gate.
 28671 | D:14     | Reached skill level 15 in Axes
 28671 | D:14     | Reached XP level 16. HP: 88/146 MP: 16/24
 29084 | D:14     | Found a runed gate.
 29084 | D:14     | Found a runed gate.
 29087 | D:14     | Found a runed gate.
 29093 | D:14     | Noticed Lavandula's ghost (journeyman HaEn)
 29324 | D:15     | Entered Level 15 of the Dungeon
 29325 | D:15     | Noticed Louise
 29332 | D:15     | Cast into level 3 of the Abyss (Louise)
 29356 | Abyss:3  | Noticed a tentacled starspawn
 29361 | Abyss:3  | Killed a tentacled starspawn
 29389 | Abyss:3  | Noticed a hellephant
 29401 | Abyss:3  | Noticed a hellephant
 29422 | Abyss:3  | HP: 3/146 [hellephant (10)]
 29423 | Abyss:3  | Mangled by a hellephant

Vault maps used:
D:1:      minmay_arrival_radiant_lines, serial_rivers,
          chequers_serial_rivers_micro_a, chequers_serial_rivers_room_a,
          chequers_serial_rivers_large_b, chequers_serial_rivers_room_a,
          chequers_serial_rivers_small_3, minmay_tripent
D:2:      first_ration, led_sif_pool, uniq_jessica
D:3:      nicolae_qazlal_general_emergency, st_stairs_5, tgw_trog
D:4:      fedhas_altar_3, lemuel_crystal_altar, lemuel_coloured_pillars_altar,
          serial_shops, shop, serial_bayou_lake_a
D:5:      lemuel_crystal_altar, kennysheep_nondescript, uniq_edmund
D:6:      minmay_temple_entry_wispy, eino_tiny_chamber, minmay_misc_feat_rugged,
          uniq_prince_ribbit1
D:7:      minmay_the_grid_octo_2x2, uniq_harold
D:9:      uniq_pikel
D:10:     erik_rubicon_a, hiddenorc1_lemuel
D:11:     due_lair_maze_entry_diamond, hangedman_fish_farm,
          chequers_guarded_unrand_ignorance
D:12:     minmay_hedge_maze, bh_walls_and_bars
D:13:     david_vaults_5, basic_altar, serial_shops, nicolae_shop_trees,
          kennysheep_generic_room_10, uniq_urug
D:14:     ploomutoo_gammafunk_ghost_potion_laboratory,
          nicolae_tso_swordbearing_angel, uniq_kirke, uniq_josephine,
          uniq_azrael
D:15:     hangedman_depths_entry_civil_slaughter, minmay_misc_feat_room,
          uniq_rupert, uniq_louise
Temple:   eino_temple_scatter_basement
Lair:1:   dragon1_lemuel, chequers_serial_rivers_micro_a
Lair:2:   nicolae_spider_entry_tight_spaces, gauntlet_entry_generic,
          serial_bayou_shore_a, lemuel_fruit_fields, lemuel_fruit_tree,
          uniq_erica, uniq_fannar
Lair:4:   palyth_hydra_swamp_entry, st_stairs_11, uniq_snorg
Lair:5:   minmay_slime_entry_jelly_boxes, basic_altar,
          hangedman_lair_generics_rect
Lair:6:   guppyfry_lair_end_dragon, chequers_serial_rivers_large_a, minivault_23
Orc:1:    serial_shops, shop_coins
Orc:2:    st_orc_open
Abyss:3:  guppyfry_abyss_exit_glass_guarded

Skill      XL: |  1  2  3  4  5  6  7  8  9 10 11 12 13 14 15 16 |
---------------+-------------------------------------------------+-----
Axes           | 4 5 6 7 8 9 10 12 13 15 | 15.3
Evocations     | 1 2 3 4 5 6 7 10 | 10.0
Armour         | 2 4 5 7 8 10 | 10.0
Fighting       | 3 6 8 9 10 | 10.0
Dodging        | 5 7 9 10 | 10.0
Invocations    | 5 8 11 12 | 12.4
Throwing       | |  1.7

Action                   |  1- 3 |  4- 6 |  7- 9 | 10-12 | 13-15 | 16-18 || total
-------------------------+-------+-------+-------+-------+-------+-------++-------
Melee: War axe           |    62 |   172 |   149 |       |       |       ||   383
       Dire flail        |       |       |   162 |   563 |   886 |       ||  1611
       Constrict         |       |       |       |       |   194 |     6 ||   200
       Battleaxe         |       |       |       |       |   197 |    54 ||   251
 Abil: Spit Poison       |       |     2 |     7 |     1 |       |       ||    10
       Evoke Berserk Rag |       |     3 |     7 |     6 |     5 |       ||    21
Evoke: Wand              |       |       |       |    17 |    34 |       ||    51
  Use: Scroll            |       |       |    11 |    11 |    12 |     2 ||    36
       Potion            |       |       |       |     1 |     4 |     1 ||     6
 Stab: Sleeping          |     2 |       |       |       |       |       ||     2
  Eat: Chunk             |     1 |     8 |    13 |    25 |    29 |       ||    76
       Ration            |       |       |     2 |     3 |     3 |     1 ||     9
Armor: Leather armour    |     7 |       |       |       |       |       ||     7
       Ring mail         |    20 |    80 |    17 |       |       |       ||   117
       Plate armour      |       |       |   210 |    53 |       |       ||   263
       Chain mail        |       |       |       |   540 |   877 |    29 ||  1446
       Skin              |       |       |       |       |    52 |       ||    52
Dodge: Dodged            |    37 |   114 |    97 |   240 |   621 |    18 ||  1127
Block: Other             |       |       |       |       |     7 |     7 ||    14

Table legend:
 A = Non-vault XP
 B = Vault XP
 C = Vault XP percentage of total XP
 D = Non-vault monster count
 E = Vault monster count
 F = Vault count percentage of total count
                 A         B        C        D         E       F
            +---------+---------+-------+---------+---------+-------
      Total |   82174 |   55713 |  40.4 |     553 |     176 |  24.1
            +---------+---------+-------+---------+---------+-------
        D:1 |      45 |       6 |  11.8 |      22 |       2 |   8.3
        D:2 |      54 |      37 |  40.7 |      17 |       1 |   5.6
        D:3 |     299 |      18 |   5.7 |      26 |       8 |  23.5
        D:4 |     781 |       0 |   0.0 |      17 |       0 |   0.0
        D:5 |    1088 |     169 |  13.4 |      32 |       1 |   3.0
        D:6 |     363 |     274 |  43.0 |      15 |       1 |   6.2
        D:7 |     910 |    1950 |  68.2 |      19 |      16 |  45.7
        D:8 |     676 |       0 |   0.0 |      19 |       0 |   0.0
        D:9 |     840 |     663 |  44.1 |      12 |       1 |   7.7
       D:10 |    3941 |     293 |   6.9 |      50 |      17 |  25.4
       D:11 |    2906 |    1213 |  29.4 |      20 |      10 |  33.3
       D:12 |    2463 |       0 |   0.0 |      16 |       0 |   0.0
       D:13 |    6048 |    3126 |  34.1 |      15 |       5 |  25.0
       D:14 |    9091 |   14325 |  61.2 |      39 |      23 |  37.1
     Temple |      17 |       0 |   0.0 |       2 |       0 |   0.0
     Lair:1 |    3619 |    1065 |  22.7 |      15 |       1 |   6.2
     Lair:2 |    6101 |    3943 |  39.3 |      26 |      10 |  27.8
     Lair:3 |    5411 |    1129 |  17.3 |      23 |       1 |   4.2
     Lair:4 |    4347 |    3453 |  44.3 |      16 |       7 |  30.4
     Lair:5 |   13722 |    4241 |  23.6 |      37 |      19 |  33.9
     Lair:6 |    2756 |    4149 |  60.1 |      11 |      16 |  59.3
      Orc:1 |    7073 |       0 |   0.0 |      43 |       0 |   0.0
      Orc:2 |    3852 |   15659 |  80.3 |      53 |      37 |  41.1
    Abyss:3 |    5771 |       0 |   0.0 |       8 |       0 |   0.0
            +---------+---------+-------+---------+---------+-------
